 Dungeon Crawl Stone Soup version 0.32-a0-131-g9dbbe29261 (webtiles) character file.

Game seed: 10215492435604283210

3863 Rennog the Fighter (level 9, 0/78 HPs)
             Began as a Demonspawn Wanderer on Feb 8, 2024.
             Was a Priest of Makhleb.
             Slain by an orc warrior
             ... wielding a +0 short sword of holy wrath
              (10 damage)
             ... on level 8 of the Dungeon.
             The game lasted 00:24:20 (9298 turns).

Rennog the Fighter (Demonspawn Wanderer)            Turns: 9298, Time: 00:24:21

Health: 0/78       AC: 10    Str: 16    XL:     9   Next: 99%
Magic:  9/9        EV: 12    Int: 20    God:    Makhleb [***...]
Gold:   463        SH:  6    Dex: 26    Spells: 8/8 levels left

rFire   . . .        G - +2 falchion of the Valley of Death {heavy, rN+ Str+3}
rCold   . . .        d - +0 buckler
rNeg    + . .        v - +0 chain mail
rPois   .            (helmet restricted)
rElec   .            g - +0 cloak
rCorr   .            (no gloves)
SInv    .            (no boots)
Will    .....        H - amulet of the acrobat
Stlth   +            m - ring of the Saviour {Will- Int+5 Dex+6}
HPRegen 0.33/turn    M - +6 ring of intelligence
MPRegen 0.11/turn

%: acrobat
@: no status effects
A: horns 2, demonic guardian 2, spiny 1, sturdy frame 1
a: Renounce Religion, Minor Destruction, Lesser Servant of Makhleb


You were on level 8 of the Dungeon.
You worshipped Makhleb.
Makhleb was most pleased with you.
You visited 2 branches of the dungeon, and saw 10 of its levels.
You also visited: Sewer and Bailey.

You collected 463 gold pieces.

Inventory:

Hand Weapons
 a - a +2 dagger
 c - a +0 falchion
 G - the +2 falchion of the Valley of Death (weapon) {heavy, rN+ Str+3}
   (You found it in a sewer)

   Str+3:     It affects your strength (+3).
   rN+:       It protects you from negative energy.
Missiles
 J - 2 throwing nets (quivered)
Armour
 d - a +0 buckler (worn)
 f - a +0 robe
 g - a +0 cloak (worn)
 v - a +0 chain mail (worn)
 B - a +0 plate armour
Magical Staves
 q - a staff of earth
Jewellery
 m - the ring of the Saviour (left hand) {Will- Int+5 Dex+6}
   (You found it on level 2 of the Dungeon)

   [ring of dexterity]

   Int+5:     It affects your intelligence (+5).
   Dex+6:     It affects your dexterity (+6).
   Will-:     It decreases your willpower.
 o - a ring of fire
 p - a ring of resist corrosion
 A - a ring of ice
 H - an amulet of the acrobat (around neck)
 M - a +6 ring of intelligence (right hand)
 O - a ring of wizardry
Wands
 r - a wand of flame (11)
 I - a wand of polymorph (12)
 S - a wand of acid (2)
 T - a wand of charming (12)
Scrolls
 b - a scroll of butterflies
 e - 2 scrolls of poison {unknown}
 h - 2 scrolls of vulnerability
 l - 5 scrolls of teleportation
 s - a scroll of torment {unknown}
 u - 2 scrolls of enchant weapon
 y - 3 scrolls of immolation
 z - 2 scrolls of fear
 L - a scroll of enchant armour {unknown}
 Q - 2 scrolls of silence {unknown}
 R - a scroll of fog {unknown}
Potions
 i - a potion of brilliance {unknown}
 j - 7 potions of curing
 k - 2 potions of degeneration {unknown}
 n - 2 potions of heal wounds {unknown}
 t - 2 potions of enlightenment {unknown}
 w - a potion of magic {unknown}
 x - 3 potions of attraction {unknown}
 C - 3 potions of cancellation {unknown}
 D - a potion of resistance {unknown}
 E - 3 potions of might {unknown}
 F - 3 potions of mutation {unknown}
 K - 2 potions of lignification {unknown}
 N - a potion of invisibility {unknown}
 P - a potion of berserk rage {unknown}


   Skills:
 - Level 10.0 Fighting
 * Level 7.3 Long Blades
 + Level 3.5 Armour
 * Level 5.3 Dodging
 - Level 3.6 Stealth
 - Level 1.0 Shields
 + Level 0.3 Invocations


You had 8 spell levels left.
You didn't know any spells.
Your spell library contained the following spells:

 Spells                   Type           Power      Damage    Failure   Level
 Cigotuvi's Dreadful Rot  Necr/Alch/Air  0%         N/A       93%         2
 Mercury Vapours          Alch/Air       0%         N/A       93%         2
 Call Canine Familiar     Summ           0%         N/A       99%         3
 Mephitic Cloud           Conj/Alch/Air  0%         N/A       99%         3
 Sigil of Binding         Hex            0%         N/A       99%         3
 Stone Arrow              Conj/Erth      0%         3d7       99%         3
 Animate Armour           Summ/Erth      0%         N/A       100%        4
 Dimensional Bullseye     Hex/Tloc       0%         N/A       100%        4
 Ignite Poison            Fire/Alch      0%         N/A       100%        4
 Freezing Cloud           Conj/Ice/Air   0%         6-21      100%        5
 Lehudib's Crystal Spear  Conj/Erth      0%         10d2      100%        8


Dungeon Overview and Level Annotations

Branches:
Dungeon (9/15)             Temple (1/1) D:4             Orc (0/2) D:9
  Sewer (visited)          Bailey (visited)
   Lair: D:8-11

Altars:
Ashenzari
Cheibriados
Dithmenos
Fedhas
Kikubaaqudgha
Makhleb
Qazlal
Ru
Sif Muna
Trog
Vehumet
Wu Jian
Yredelemnul
Lugonu

Shops:
D:1 *

Portals:
Abyss: D:3

Annotations:
D:3 2 runed translucent doors, Pargi


Innate Abilities, Weirdness & Mutations

You have a pair of horns on your head.
A demonic guardian rushes to your aid.
You are partially covered in sharp spines.
Your movements are slightly less encumbered by armour. (ER -2)


Message History

You slash the orc warrior!
You kill the orc warrior!
Makhleb accepts your kill.
You feel better. You block the warg's attack.
The warg attacks as it pursues you! You block the warg's attack.
The orc warrior attacks as it pursues you!
The orc warrior closely misses you. The warg attacks as it pursues you!
The warg is struck by your spines. The warg bites you! The warg misses you.
There is a stone staircase leading up, spattered with blood here.
The warg closely misses you.
You climb upwards.
There is a stone staircase leading down here.
You closely miss the warg.
You headbutt the warg, but do no damage.
The warg is almost dead.
The warg is struck by your spines. The warg closely misses you.
The warg bites you!! You block the orc warrior's attack.
You hit the orc warrior. Your headbutt misses the orc warrior.
The orc warrior is lightly wounded.
The warg closely misses you.
The orc warrior hits you with a +0 short sword of holy wrath.
You convulse.
You block the warg's attack.
The orc warrior is struck by your spines.
The orc warrior hits you with a +0 short sword of holy wrath.
* * * LOW HITPOINT WARNING * * *
You convulse.
* * * LOW HITPOINT WARNING * * *
You barely miss the orc warrior.
The orc warrior is heavily wounded.
The warg bites you.
* * * LOW HITPOINT WARNING * * *
A demonic guardian appears!
The warg is struck by your spines.
You kill the warg!
Makhleb accepts your kill.
You feel better.
The orc warrior hits you with a +0 short sword of holy wrath!
* * * LOW HITPOINT WARNING * * *
You convulse!
You die...

#...#....'........#......#..
#...###'##........#......#..
#...##...#........#......#..
#...##...#........#......#..
#........#........#......#..
#........#........#......'..
#........#........#......#..
#...##...#.....[รท.#......#..
#...##...#.@......#.....##..
#........#o.4.....#....)##..
#........#........'...).#...
#........#..[.....#...).#...
###'###'##........#.....#...
#...#.............#.....'...
#...#.............'.....#...
#...#.............##'#####..
#...#.............#.....##..


You could see an orc warrior and a friendly orange demon (summoned).

Vanquished Creatures
  Eustachio (D:5)
  A warg (D:8)
  A water moccasin (D:5)
  4 orc warriors
  3 ice beasts
  2 black bears
  2 ogres (D:4)
  2 centaurs
  2 kobold brigands
  3 bullfrogs
  3 scorpions
  2 wights
  6 killer bees
  4 howler monkeys (D:7)
  2 electric eels (Bailey)
  3 orc priests
  A hound (D:3)
  2 bombardier beetles
  A jelly (D:6)
  A sleepcap (D:4)
  Crazy Yiuf (D:5)
  2 iguanas
  Jessica (D:2)
  Natasha (thrice) (D:3)
  4 orc wizards
  Ijyb (D:3)
  Robin (D:2)
  11 adders
  9 gnolls
  A shadow imp (D:5)
  A white imp (D:5)
  4 ufetubi
  5 ribbon worms
  The ghost of zenocrate the Sneak, a weakling GrDe (D:5)
  3 dart slugs
  23 orcs
  12 ball pythons
  4 bats
  2 bat zombies (D:4)
  12 endoplasms
  6 giant cockroaches
  23 goblins
  7 hobgoblins
  17 kobolds
  2 quokkas
  5 frilled lizards
  6 rats
213 creatures vanquished.

Vanquished Creatures (collateral kills)
  A black bear (D:6)
  A kobold brigand (D:6)
  A gnoll sergeant (D:6)
  A wight (D:8)
  2 jellies (Sewer)
  An orc priest (D:4)
  An orc wizard (D:4)
  2 adders
  3 orcs
  A kobold (D:6)
  A rat (Sewer)
15 creatures vanquished.

Grand Total: 228 creatures vanquished

Notes
Turn   | Place    | Note
-------+----------+-------------------------------------------
     0 | D:1      | Rennog the Demonspawn Wanderer began the quest for the Orb.
     0 | D:1      | Rennog set off with the following items: a +2 dagger, a
                  | scroll of butterflies, a +0 falchion, a +0 buckler, a
                  | scroll of blinking, a +0 robe.
     0 | D:1      | Reached XP level 1. HP: 13/13 MP: 1/1
   133 | D:1      | Found Unwowou's General Store.
   164 | D:1      | Reached skill level 1 in Fighting
   322 | D:1      | Gained mutation: Your movements are slightly less
                  | encumbered by armour. (ER -2) [demonic ancestry]
   322 | D:1      | Reached XP level 2. HP: 18/22 MP: 2/2
   747 | D:1      | Reached skill level 2 in Fighting
   915 | D:2      | Noticed Robin
   944 | D:1      | Reached XP level 3. HP: 11/28 MP: 3/3
  1061 | D:2      | Killed Robin
  1062 | D:2      | Reached skill level 3 in Fighting
  1155 | D:2      | Noticed Jessica
  1161 | D:2      | Killed Jessica
  1162 | D:2      | Gained mutation: A weak demonic guardian rushes to your
                  | aid. [demonic ancestry]
  1162 | D:2      | Reached XP level 4. HP: 25/37 MP: 4/4
  1237 | D:2      | Identified the ring of the Saviour {Will- Int+5 Dex+6}
  1497 | D:2      | Found a faded altar of an unknown god.
  1775 | D:3      | Reached skill level 4 in Fighting
  1858 | D:3      | You fall into a shaft and drop 3 floors!
  1974 | D:5      | Entered Level 5 of the Dungeon
  2002 | D:5      | Noticed a water moccasin
  2002 | D:5      | Noticed an ice beast
  2009 | D:5      | Noticed a scorpion
  2063 | D:6      | Reached XP level 5. HP: 14/43 MP: 5/5
  2267 | D:4      | Found a glowing drain.
  2290 | D:4      | Reached skill level 5 in Fighting
  2308 | Sewer    | Entered a sewer
  2920 | Sewer    | Reached skill level 6 in Fighting
  2920 | Sewer    | Gained mutation: A demonic guardian rushes to your aid.
                  | [demonic ancestry]
  2920 | Sewer    | Reached XP level 6. HP: 42/52 MP: 6/6
  2982 | Sewer    | Found a viscous altar of Jiyva.
  2988 | Sewer    | Identified the +2 falchion of the Valley of Death {heavy,
                  | rN+ Str+3}
  2994 | Sewer    | Upgraded the game from 0.32-a0-128-g77eb882913 to
                  | 0.32-a0-131-g9dbbe29261
  3125 | D:4      | Found a snail-covered altar of Cheibriados.
  3616 | D:3      | Noticed Ijyb
  3627 | D:3      | Killed Ijyb
  3636 | D:3      | Noticed Natasha
  3641 | D:3      | Killed Natasha
  3643 | D:3      | Found a large runed translucent door.
  3644 | D:3      | Found a large runed translucent door.
  3650 | D:3      | Found a corrupted altar of Lugonu.
  3650 | D:3      | Noticed Pargi
  3691 | D:3      | Reached skill level 7 in Fighting
  3695 | D:3      | Gained mutation: You have a pair of small horns on your
                  | head. [demonic ancestry]
  3695 | D:3      | Reached XP level 7. HP: 50/60 MP: 7/7
  3755 | D:3      | Found a bloodstained altar of Trog.
  3795 | D:3      | Found a one-way gate to the infinite horrors of the Abyss.
  3913 | D:3      | Noticed Natasha
  3915 | D:3      | Killed Natasha
  4000 | D:3      | Noticed Natasha
  4005 | D:3      | Killed Natasha
  4038 | D:3      | Found a stormy altar of Qazlal.
  4732 | D:4      | Found a staircase to the Ecumenical Temple.
  4914 | D:4      | Found an ancient bone altar of Kikubaaqudgha.
  5062 | Temple   | Entered the Ecumenical Temple
  5102 | Temple   | Became a worshipper of Makhleb the Destroyer
  5225 | D:5      | Noticed Eustachio
  5237 | D:5      | Killed Eustachio
  5238 | D:5      | Reached skill level 8 in Fighting
  5577 | D:5      | Found a runed translucent door.
  5581 | D:5      | Gained mutation: You have a pair of horns on your head.
                  | [demonic ancestry]
  5581 | D:5      | Reached XP level 8. HP: 56/69 MP: 8/8
  5622 | D:5      | Noticed Crazy Yiuf
  5659 | D:5      | Killed Crazy Yiuf
  5843 | D:5      | Reached skill level 9 in Fighting
  6158 | D:5      | Found a runed translucent door.
  6158 | D:5      | Noticed zenocrate's ghost (weakling GrDe)
  6418 | D:5      | Killed zenocrate's ghost
  6543 | D:6      | Reached * piety under Makhleb
  6662 | D:6      | Reached skill level 5 in Long Blades
  6738 | D:6      | Found a basalt altar of Yredelemnul.
  6844 | D:6      | Reached skill level 10 in Fighting
  6967 | D:6      | Gained mutation: You are partially covered in sharp spines.
                  | [demonic ancestry]
  6967 | D:6      | Reached XP level 9. HP: 53/78 MP: 9/9
  7158 | D:6      | Found a blossoming altar of Fedhas.
  7399 | D:7      | Reached ** piety under Makhleb
  7421 | D:7      | Found a radiant altar of Vehumet.
  7453 | D:7      | Found a flagged portal.
  7466 | Bailey   | Entered a bailey
  7753 | Bailey   | Noticed an orc knight
  8168 | D:7      | Found a broken altar of Ashenzari.
  8459 | D:8      | Noticed a two-headed ogre
  8920 | D:8      | Reached skill level 5 in Dodging
  8921 | D:8      | Reached *** piety under Makhleb
  9277 | D:9      | Found a staircase to the Orcish Mines.
  9298 | D:8      | Slain by an orc warrior

Illustrated notes

Levels and vault maps discovered:
D:1:      nicolae_arrival_somewhat_less_tricky_arrival, layout_basic,
          serial_shops, shop
D:2:      layout_basic, hellmonk_ecumenical_altar_leap_of_faith, uniq_jessica,
          uniq_robin
D:3:      due_chaos_kobolds, layout_loops_ring, lemuel_doored_altar,
          mainiacjoe_overflow_chevrons, uniq_ijyb, uniq_natasha, uniq_pargi
D:4:      layout_loops_corners, lemuel_zombie_altar_kikubaaqudgha,
          kennysheep_slug_shrine, lemuel_temple_firewalk_a,
          gup_sewer_entry_glass
D:5:      layout_loops_ring, gammafunk_ghost_grave, serial_rivers,
          chequers_serial_rivers_micro_a, chequers_serial_rivers_large_a,
          chequers_serial_rivers_marsh, chequers_serial_rivers_micro_e,
          uniq_crazy_yiuf_cottage, uniq_eustachio
D:6:      layout_loops_cross, kennysheep_mini, nicolae_overflow_hidden_temple,
          hangedman_abyss_or_decor_passed, minmay_fractal_squares_diagonal_5
D:7:      layout_rooms, mainiacjoe_overflow_alcove_1,
          gammafunk_temple_overflow_wave, enter_bailey_3
D:8:      layout_gridville
D:9:      layout_gridville, nicolae_overflow_crystal_walls,
          nicolae_uskayaw_dance_studio, david_lair_generic, david_orc_3
Temple:   nicolae_temple_bog_church

Skill      XL: |  1  2  3  4  5  6  7  8  9 |
---------------+----------------------------+-----
Fighting       | 1 2 3 4 6 7 8 10 | 10.0
Long Blades    | 2 3 5 7 |  7.3
Dodging        | 2 5 |  5.3
Armour         | 3 |  3.5
Stealth        | |  3.6
Shields        | |  1.0
Invocations    | |  0.3

Action                     |  1- 3 |  4- 6 |  7- 9 || total
---------------------------+-------+-------+-------++-------
  Melee: Falchion          |    88 |   183 |   227 ||   498
         Dagger            |     1 |       |       ||     1
         Headbutt          |       |       |    43 ||    43
    Use: Scroll            |       |       |     7 ||     7
   Stab: Sleeping          |     5 |    13 |       ||    18
         Distracted        |     1 |     1 |     1 ||     3
 Armour: Robe              |    68 |    85 |       ||   153
         Chain mail        |       |    16 |   218 ||   234
         Skin              |       |     4 |       ||     4
  Dodge: Dodged            |    39 |    83 |   151 ||   273
  Block: Buckler           |    33 |    64 |    82 ||   179

Table legend: (Time is in decaauts)
 A = Elapsed time spent in this place.
 B = Non-inter-level travel time spent in this place.
 C = Inter-level travel time spent in this place.
 D = Time resting spent in this place.
 E = Time spent auto-exploring this place.
 F = Levels seen in this place.
 G = Mean time per level.
                   A        B        C        D        E       F      G
               +--------+--------+--------+--------+--------+-----+--------+
         Total |   9595 |   8995 |    600 |    745 |   6432 |  12 |  799.6 |
       Dungeon |   8452 |   7905 |    547 |    642 |   5724 |   9 |  939.1 |
        Temple |     55 |      2 |     53 |      0 |      0 |   1 |   55.0 |
         Sewer |    744 |    744 |      0 |    103 |    470 |   1 |  744.0 |
        Bailey |    342 |    342 |      0 |      0 |    237 |   1 |  342.0 |
               +--------+--------+--------+--------+--------+-----+--------+

Top non-repeatable levels by time:
     D:5: 1489 daAuts
     D:4: 1441 daAuts
     D:6: 1113 daAuts
     D:1: 1036 daAuts
     D:3: 885 daAuts
     D:8: 855 daAuts
     D:2: 801 daAuts
     D:7: 800 daAuts
   Sewer: 744 daAuts
  Bailey: 342 daAuts
  Temple: 55 daAuts
     D:9: 29 daAuts
